 Dungeon Crawl Stone Soup version 0.25-a0-583-g696c2ac64d (webtiles) character file.

Game seed: 14706243219619497606, levelgen mode: deterministic

741 Devinter the Magician (level 7, -2/36 HPs)
             Began as a Deep Elf Conjurer on Sept 24, 2019.
             Was a Priest of Yredelemnul.
             Succumbed to an orc warrior's poison
             ... on level 7 of the Dungeon on Mar 8, 2020.
             The game lasted 00:31:57 (3657 turns).

Devinter the Magician (Deep Elf Conjurer)           Turns: 3657, Time: 00:31:58

Health: -2/36      AC:  5    Str:  9    XL:     7   Next: 47%
Magic:  7/19       EV: 15    Int: 22    God:    Yredelemnul [***...]
Gold:   248        SH:  7    Dex: 15    Spells: 14/20 levels left

rFire    . . .     SeeInvis .   s - +1 dagger (drain)
rCold    . . .     Gourm    .   v - +2 buckler
rNeg     + . .     Faith    .   y - +2 robe {rN+}
rPois    .         Spirit   .   (no helmet)
rElec    .         Reflect  .   w - +0 cloak
rCorr    .         Harm     .   (no gloves)
MR       .....                  (no boots)
Stlth    ++........             f - amulet of rage
HPRegen  0.12/turn              h - +4 ring of strength
MPRegen  0.16/turn              (no ring)

@: lethally poisoned (-2 -> -35)
A: no striking features
a: Recall Undead Slaves, Injury Mirror, Animate Dead, Renounce Religion, Evoke
Berserk Rage


You were on level 7 of the Dungeon.
You worshipped Yredelemnul.
Yredelemnul was most pleased with you.
You were not hungry.

You visited 2 branches of the dungeon, and saw 6 of its levels.
You also visited: Sewer.

You collected 248 gold pieces.

Inventory:

Hand Weapons
 p - the +6 falchion of the Unliving {holy, rElec}
   (You found it on level 4 of the Dungeon)

   It has been blessed by the Shining One to cause great damage to the undead
   and demons.
   It insulates you from electricity.
   Yredelemnul disapproves of the use of such an item.
 s - a +1 dagger of draining (weapon)
Missiles
 i - 36 arrows
 j - 52 bolts
 n - 8 curare-tipped darts (quivered)
 A - 5 javelins
 B - 3 boomerangs
Armour
 v - a +2 buckler (worn)
 w - a +0 cloak (worn)
 y - a +2 robe of positive energy (worn)
Jewellery
 f - an amulet of rage (around neck)
 h - a +4 ring of strength (left hand)
Wands
 a - a wand of iceblast (5)
Scrolls
 b - 2 scrolls of remove curse {unknown}
 d - 5 scrolls of identify
 g - 2 scrolls of immolation {unknown}
 o - a scroll of amnesia {unknown}
 q - 2 scrolls of enchant weapon {unknown}
 r - a scroll of blinking {unknown}
Potions
 e - a potion of flight {unknown}
 k - a potion of magic {unknown}
 t - a potion of mutation {unknown}
 u - a potion of lignification {unknown}
 x - a potion of curing {unknown}
Comestibles
 c - 10 rations
 z - 2 chunks of flesh


   Skills:
 + Level 5.7 Dodging
 - Level 3.0 Stealth
 * Level 2.7 Shields
 - Level 7.0 Spellcasting
 - Level 5.0 Conjurations
 + Level 1.5 Hexes
 - Level 2.0 Invocations


You had 14 spell levels left.
You knew the following spells:

 Your Spells              Type           Power        Failure   Level  Hunger
a - Magic Dart            Conj           ####         1%          1    None
b - Searing Ray           Conj           ####..       1%          2    None
c - Dazzling Flash        Conj/Hex       ###...       8%          3    None

Your spell library contained the following spells:

 Spells                   Type           Power        Failure   Level  Hunger
 Corona                   Hex            ##.....      4%          1    None
 Animate Skeleton         Necr           N/A          10%         1    None
 Apportation              Tloc           #.....       10%         1    None
 Summon Small Mammal      Summ           #...         10%         1    None
 Fulminant Prism          Conj/Hex       ###.......   24%         4    ###....
 Iskenderun's Mystic Bla  Conj/Tloc      ###.....     32%         4    ###....


Dungeon Overview and Level Annotations

Branches:
Dungeon (4/15)             Temple (1/1) D:4           Sewer (visited)

Altars:
Nemelex Xobeh
Okawaru
Yredelemnul


Message History

Confirm with . or Enter, or press ? or * to list all spells.
The orc warrior is dazzled.
The giant cockroach is dazzled.
The orc wizard shouts!
* * * LOW HITPOINT WARNING * * *
You feel very sick. The giant cockroach closely misses you.
A worker ant comes into view.
An ice beast comes into view.
The orc warrior barely misses you. You block the giant cockroach's attack.
A vampire comes into view.
As you read the scroll of teleportation, it crumbles to dust.
You feel strangely unstable.
* * * LOW HITPOINT WARNING * * *
You feel very sick. The giant cockroach barely misses you.
You block the orc warrior's attack.
It was a potion of cancellation.
You feel strangely stable.
You feel magically purged.
You die...
Your body rises from the dead as a mindless zombie. . # .##. ..h# #..# 8TY

##s##
#Zo@#
#)o#VW#
#.o.
##.a.
...#
"#.# ..
##$# .
#


You could see a troll, a vampire, an orc warrior (blind), an ice beast
(wandering), a shadow, a hound, a worker ant, 2 orc wizards, a giant cockroach
(blind) and an adder skeleton.

Vanquished Creatures
  Sigmund (D:4)
  Menkaure (D:4)
  2 bullfrogs (Sewer)
  A scorpion (D:4)
  A bullfrog skeleton (D:4)
  Ijyb (D:4)
  2 orc wizards
  A worker ant (D:4)
  A gnoll (D:3)
  5 adders
  An adder skeleton (D:4)
  3 worms
  2 dart slugs
  4 leopard geckos
  9 orcs
  4 ball pythons
  8 giant cockroaches
  4 goblins
  6 hobgoblins
  A quokka (D:2)
  4 bats
  18 frilled lizards
  7 kobolds
  A quokka skeleton (D:4)
  6 rats
94 creatures vanquished.

Notes
Turn   | Place    | Note
-------+----------+-------------------------------------------
     0 | D:1      | Devinter the Deep Elf Conjurer began the quest for the Orb.
     0 | D:1      | Reached XP level 1. HP: 10/10 MP: 6/6
   445 | D:1      | Reached XP level 2. HP: 15/15 MP: 4/8
   936 | D:2      | Found a faded altar of an unknown god.
   997 | D:2      | Became a worshipper of Yredelemnul the Dark
   997 | D:2      | Reached * piety under Yredelemnul
  1042 | D:2      | Reached skill level 3 in Stealth
  1053 | D:2      | Upgraded the game from 0.24-a0-640-ge7cd8ce796 to
                  | 0.25-a0-265-g7af84ae0ac
  1053 | D:2      | Upgraded the game from 0.25-a0-265-g7af84ae0ac to
                  | 0.25-a0-277-g7046ed1b37
  1053 | D:2      | Upgraded the game from 0.25-a0-277-g7046ed1b37 to
                  | 0.25-a0-578-gc91f01c39c
  1070 | D:2      | Upgraded the game from 0.25-a0-578-gc91f01c39c to
                  | 0.25-a0-583-g696c2ac64d
  1113 | D:2      | Reached skill level 3 in Dodging
  1246 | D:2      | Learned a level 2 spell: Searing Ray
  1274 | D:2      | Reached XP level 3. HP: 19/19 MP: 3/10
  1681 | D:3      | Found a glowing drain.
  1689 | D:3      | Reached ** piety under Yredelemnul
  1781 | D:3      | Reached skill level 4 in Spellcasting
  1790 | Sewer    | Entered a sewer
  1816 | Sewer    | Reached skill level 5 in Conjurations
  2048 | Sewer    | Reached XP level 4. HP: 24/24 MP: 7/12
  2199 | Sewer    | Noticed a bullfrog
  2202 | Sewer    | Killed a bullfrog
  2202 | Sewer    | Reached skill level 5 in Spellcasting
  2206 | Sewer    | Noticed a bullfrog
  2210 | Sewer    | Killed a bullfrog
  2210 | Sewer    | Reached skill level 6 in Spellcasting
  2210 | Sewer    | Reached skill level 1 in Invocations
  2210 | Sewer    | Reached XP level 5. HP: 16/28 MP: 5/15
  2539 | D:3      | Reached skill level 2 in Invocations
  2871 | D:3      | Reached skill level 7 in Spellcasting
  2871 | D:3      | Reached XP level 6. HP: 31/32 MP: 9/18
  2874 | D:3      | Reached *** piety under Yredelemnul
  2876 | D:3      | Found an iron altar of Okawaru.
  3055 | D:4      | Learned a level 3 spell: Dazzling Flash
  3093 | D:4      | Noticed Menkaure
  3100 | D:4      | Killed Menkaure
  3100 | D:4      | Reached skill level 4 in Dodging
  3255 | D:4      | Got a polished falchion
  3258 | D:4      | Identified the +6 falchion of the Unliving {holy, rElec}
                  | (You found it on level 4 of the Dungeon)
  3395 | D:4      | Found a staircase to the Ecumenical Temple.
  3426 | Temple   | Entered the Ecumenical Temple
  3440 | D:4      | Noticed Sigmund
  3449 | D:4      | Killed Sigmund
  3449 | D:4      | Reached skill level 5 in Dodging
  3449 | D:4      | Reached skill level 2 in Shields
  3449 | D:4      | Reached XP level 7. HP: 24/36 MP: 10/19
  3463 | D:4      | Noticed Ijyb
  3469 | D:4      | Killed Ijyb
  3601 | D:4      | Reached skill level 1 in Hexes
  3645 | D:4      | You fall into a shaft and drop 3 floors!
  3654 | D:7      | Noticed a troll
  3654 | D:7      | Noticed a shadow
  3655 | D:7      | Noticed a vampire
  3656 | D:7      | HP: 1/36 [poisoned by an orc warrior]
  3657 | D:7      | Succumbed to an orc warrior's poison

Levels and vault maps discovered:
D:1:      psy_arrival_radial01, layout_loops_ring
D:2:      layout_loops_corners, chequers_ecumenical_altar_island,
          minmay_lizard_pond
D:3:      layout_loops_cross, okawaru_altar_gauntlet_db, portal_sewer_entry_f,
          dk_vineyard_3
D:4:      layout_loops_corners, minmay_temple_entry_overgrown, first_ration,
          minmay_between, uniq_menkaure, uniq_sigmund, uniq_ijyb
D:7:      minmay_the_grid_square_5x5_3x3 [minmay_the_grid_square_5x5_plus,
          minmay_the_grid_square_5x5_bracketed,
          minmay_the_grid_square_5x5_shrine1,
          minmay_the_grid_square_5x5_inner_z,
          minmay_the_grid_square_5x5_megaprize_diamond,
          minmay_the_grid_square_5x5_forky,
          minmay_the_grid_square_5x5_hollow_slash,
          minmay_the_grid_square_5x5_shrine2, minmay_the_grid_square_5x5_meh],
          layout_rooms
Temple:   regret_index_temple_waves

Skill      XL: |  1  2  3  4  5  6  7 |
---------------+----------------------+-----
Stealth        | 3 |  3.0
Dodging        | 3 5 |  5.7
Spellcasting   | 4 6 7 |  7.0
Conjurations   | 5 |  5.0
Invocations    | 1 2 |  2.0
Shields        | 2 |  2.7
Hexes          | 1 |  1.5

Action                   |  1- 3 |  4- 6 |  7- 9 || total
-------------------------+-------+-------+-------++-------
Melee: Dagger            |    11 |       |     4 ||    15
       Unarmed           |     7 |       |       ||     7
 Cast: Magic Dart        |    82 |    46 |     3 ||   131
       Searing Ray       |     1 |    14 |     5 ||    20
       Dazzling Flash    |       |       |     3 ||     3
  Use: Scroll            |       |     3 |     2 ||     5
       Potion            |       |       |     1 ||     1
 Stab: Invisible         |       |       |     1 ||     1
       Sleeping          |       |       |     1 ||     1
  Eat: Chunk             |     3 |     5 |       ||     8
Armor: Robe              |    12 |     3 |     1 ||    16
Dodge: Dodged            |    45 |     6 |     9 ||    60
Block: Buckler           |       |       |     4 ||     4

Table legend:
 A = Non-vault XP
 B = Vault XP
 C = Vault XP percentage of total XP
 D = Non-vault monster count
 E = Vault monster count
 F = Vault count percentage of total count
                 A         B        C        D         E       F
            +---------+---------+-------+---------+---------+-------
      Total |     348 |     711 |  67.1 |      53 |      41 |  43.6
            +---------+---------+-------+---------+---------+-------
        D:1 |      12 |       0 |   0.0 |       7 |       0 |   0.0
        D:2 |      26 |       6 |  18.8 |      14 |       6 |  30.0
        D:3 |      88 |      41 |  31.8 |      20 |      12 |  37.5
        D:4 |     222 |     448 |  66.9 |      12 |       4 |  25.0
      Sewer |       0 |     216 | 100.0 |       0 |      19 | 100.0
            +---------+---------+-------+---------+---------+-------
